AoeStats
← brayancobos741

Golden Pit

510217895Analyzed
1v1 RM · 3d ago on Sep 30, 2026· 71m 14s· 2 players
Game mode
Random Map
Map size
Tiny (2 player)
Population
200
Speed
Normal
Resources
Standard
Victory
Conquest
Starting age
Dark Age
Ending age
Imperial Age
RankedLock teamsTeams togetherTeam positionsShared explorationLock speedFull tech treeHidden civsTurbo modeCheats
Victory
Defeat
🇨🇴 Turks · Colombia
611
+16
🇨🇦 Burgundians · Canada
617
-16
brayancobos741
13:10 Feudal Age
24:27 Castle Age
23:55 Double-Bit Axe
28:53 Gold Mining
32:57 Imperial Age
32:06 Gold Shaft Mining
33:53 Wheelbarrow
37:15 Bow Saw
36:50 Horse Collar
42:39 Two-Man Saw
41:50 Elite Janissary
46:00 Stone Mining
46:14 Heavy Plow
48:18 Cavalier
50:54 Murder Holes
SanitaryCupid50
4:32 Loom
9:04 Double-Bit Axe
11:50 Feudal Age
12:50 Bow Saw
12:32 Horse Collar
13:17 Heavy Plow
19:13 Castle Age
17:44 Gold Mining
18:15 Forging
19:07 Scale Barding Armor
20:15 Gold Shaft Mining
20:45 Iron Casting
19:34 Light Cavalry
20:15 Husbandry
21:05 Stone Mining
23:06 Fervor
23:17 Sanctity
23:43 Squires
23:45 Scale Mail Armor
23:38 Fletching
24:11 Chain Barding Armor
26:33 Wheelbarrow
25:44 Town Watch
26:28 Fletching
27:55 Chain Mail Armor
27:37 Bodkin Arrow
27:31 Arson
28:50 Two-Man Saw
28:07 Town Patrol
28:23 Hand Cart
29:17 Padded Archer Armor
29:45 Treadmill Crane
30:27 Ballistics
29:58 Guard Tower
36:18 Imperial Age
35:18 Guilds
34:31 Cavalier
35:59 Burgundian Vineyards
36:20 Masonry
37:04 Bracer
38:09 Chemistry
37:47 Keep
38:36 Plate Mail Armor
39:06 Blast Furnace
37:53 Paladin
39:17 Plate Barding Armor
38:30 Capped Ram
41:46 Conscription
42:02 Hoardings
41:47 Leather Archer Armor
46:37 Elite Skirmisher
46:38 Crossbowman
49:35 Crop Rotation
51:07 Hussar
52:59 Architecture
67:52 Caravan
Connection lost

Rejoining the realm…

Still unreachable

The connection could not be restored.

Session expired

The server has moved on; the page needs a fresh start.